 Dungeon Crawl Stone Soup version 0.27-a0-1189-gb8eb6cee8e (webtiles) character file.

Game seed: 13740224598086560148

39 funkygono the Firebug (level 3, -3/19 HPs)
             Began as a Gargoyle Fire Elementalist on May 22, 2021.
             Slain by a gnoll
             ... wielding a +0 halberd
              (14 damage)
             ... on level 2 of the Dungeon.
             The game lasted 00:02:25 (1592 turns).

funkygono the Firebug (Gargoyle Fire Elementalist)  Turns: 1592, Time: 00:02:26

Health: -3/19      AC:  5    Str: 11    XL:     3   Next: 47%
Magic:  1/6        EV: 12    Int: 16    God:
Gold:   40         SH:  0    Dex: 10    Spells: 2/6 levels left

rFire    . . .     SeeInvis .   c - +0 club
rCold    . . .     Faith    .   (no shield)
rNeg     + . .     Spirit   .   a - +0 robe
rPois    ∞         Reflect  .   (no helmet)
rElec    +         Harm     .   (no cloak)
rCorr    .         Rampage  .   (no gloves)
Will     .....                  (no boots)
Stlth    ++........             (no amulet)
HPRegen  0.06/turn              (no ring)
MPRegen  0.10/turn              (no ring)

@: no status effects
A: sickness immunity, AC +3, negative energy resistance 1, electricity
resistance, torment resistance 1, petrification resistance
a: no special abilities


You were on level 2 of the Dungeon.
You visited 1 branch of the dungeon, and saw 2 of its levels.

You collected 40 gold pieces.

Inventory:

Hand Weapons
 c - a +0 club (weapon)
Missiles
 e - 60 stones
Armour
 a - a +0 robe (worn)
Scrolls
 b - a scroll of magic mapping {unknown}


   Skills:
 + Level 1.6 Dodging
 - Level 2.1 Stealth
 * Level 2.4 Spellcasting
 * Level 1.9 Conjurations
 * Level 3.7 Fire Magic


You had 2 spell levels left.
You knew the following spells:

 Your Spells              Type           Power      Damage    Failure   Level
a - Foxfire               Conj/Fire      44%        2x1d6     6%          1
b - Conjure Flame         Conj/Fire      11%        6-21      19%         3

Your spell library contained the following spells:

 Spells                   Type           Power      Damage    Failure   Level
 Inner Flame              Hex/Fire       7%         N/A       28%         3
 Sticky Flame             Conj/Fire      11%        2d3       52%         4
 Fireball                 Conj/Fire      5%         3d5       86%         5


Dungeon Overview and Level Annotations

Branches:
Dungeon (2/15)

Altars:


Innate Abilities, Weirdness & Mutations

You are immune to sickness and miasma.
Your stone body is resilient. (AC +3)
You are immune to poison.
You resist negative energy. (rN+)
You are resistant to electric shocks. (rElec)
You are resistant to unholy torment.
You are immune to petrification.


Message History

Casting: Foxfire (safe; 6% risk of failure)
Confirm with . or Enter, or press ? or * to list all spells.
You conjure some foxfire!
Casting: Foxfire (safe; 6% risk of failure)
Confirm with . or Enter, or press ? or * to list all spells.
You conjure some foxfire!
The foxfire hits the worm.
The worm is severely wounded.
The foxfire hits the worm.
You kill the worm!
Unknown command.
The foxfire hits the gnoll.
The gnoll is moderately wounded.
The foxfire hits the gnoll.
The gnoll is moderately wounded.
Casting: Foxfire (safe; 6% risk of failure)
Confirm with . or Enter, or press ? or * to list all spells.
You conjure some foxfire!
The gnoll hits you from afar with a +0 halberd!
The foxfire hits the gnoll.
The gnoll is heavily wounded.
The foxfire hits the gnoll but does no damage.
The gnoll is heavily wounded.
The gnoll closely misses you.
You hit the gnoll.
The gnoll is severely wounded.
The gnoll barely misses you.
You hit the gnoll but do no damage.
The gnoll is heavily wounded.
The gnoll closely misses you. The gnoll hits you with a +0 halberd.
You hit the gnoll.
The gnoll is severely wounded.
The gnoll misses you.
You closely miss the gnoll.
The gnoll is severely wounded.
The gnoll misses you.
You hit the gnoll.
The gnoll is almost dead.
The gnoll hits you with a +0 halberd!
Ouch! That really hurt!
You die...

###.###'## .#
#.###.####.##
###...#....(..#
###........<..#..#
#...####....###
#>..........#
#####....##.# #....##.##
########@...##..#
........g...###.####
...................#
.......w...........#
...................#
...........#####..#######
.............# ##........
..........##.# #........
...........#?# #........


You could see a worm and a gnoll.

Vanquished Creatures
  An adder (D:2)
  A worm (D:2)
  3 bats
  3 endoplasms
  3 giant cockroaches
  3 hobgoblins (D:2)
  A kobold (D:2)
  2 quokkas (D:2)
  2 ball pythons
  A frilled lizard (D:2)
  2 goblins
  3 rats
25 creatures vanquished.

Vanquished Creatures (others)
  101 foxfires
101 creatures vanquished.

Grand Total: 126 creatures vanquished

Notes
Turn   | Place    | Note
-------+----------+-------------------------------------------
     0 | D:1      | funkygono the Gargoyle Fire Elementalist began the quest
                  | for the Orb.
     0 | D:1      | Reached XP level 1. HP: 10/10 MP: 3/3
   111 | D:1      | Found a faded altar of an unknown god.
   474 | D:1      | Reached XP level 2. HP: 15/15 MP: 0/5
  1420 | D:2      | Reached XP level 3. HP: 19/19 MP: 1/6
  1489 | D:2      | Learned a level 3 spell: Conjure Flame
  1592 | D:2      | Slain by a gnoll

Illustrated notes

Levels and vault maps discovered:
D:1:      lightli_iron_boxes, layout_loops_corners,
          ebering_ecumenical_altar_ruins
D:2:      kennysheep_six_static_rooms, layout_basic, minmay_circle_x

Action                   || total
-------------------------++-------
Melee: Unarmed           ||    10
       Club              ||     5
 Cast: Foxfire           ||    57
  Use: Scroll            ||     2
Armor: Robe              ||    14
Dodge: Dodged            ||    16

Table legend: (Time is in decaauts)
 A = Elapsed time spent in this place.
 B = Non-inter-level travel time spent in this place.
 C = Inter-level travel time spent in this place.
 D = Time resting spent in this place.
 E = Time spent auto-exploring this place.
 F = Levels seen in this place.
 G = Mean time per level.
                   A        B        C        D        E       F      G
               +--------+--------+--------+--------+--------+-----+--------+
         Total |   1592 |   1582 |     10 |      0 |   1391 |   2 |  796.0 |
       Dungeon |   1592 |   1582 |     10 |      0 |   1391 |   2 |  796.0 |
               +--------+--------+--------+--------+--------+-----+--------+

Top non-repeatable levels by time:
     D:1: 1048 daAuts
     D:2: 544 daAuts
